 Seeded DCSS version 0.29.1-debian-1-gc3f1650bb9 (webtiles) character file.

Game seed: 5681690248256587365 (custom seed)

4405 NinjaNoafa the Conjurer (level 10, -6/77 HPs)
             Began as a Black Draconian Ice Elementalist on Sept 12, 2022.
             Was an Elder of Qazlal.
             Mangled by a komodo dragon (27 damage)
             ... on level 9 of the Dungeon.
             The game lasted 00:19:12 (9561 turns).

NinjaNoafa the Conjurer (DrIE)                      Turns: 9561, Time: 00:19:13

Health: -6/77      AC: 13    Str: 10    XL:     10   Next: 14%
Magic:  17/17      EV: 12    Int: 32    God:    Qazlal [****..]
Gold:   300        SH: 10    Dex: 11    Spells: 8/19 levels left

rFire   x . .      SeeInvis +   o - +6 mace of Dividends {freeze, Int+7 Dex-2}
rCold   + . .      Faith    .   j - +0 buckler {AC+3}
rNeg    . . .      Spirit   .   (body armour unavailable)
rPois   .          Reflect  .   (helmet restricted)
rElec   +          Harm     .   t - +2 cloak
rCorr   .          Rampage  .   (no gloves)
Will    .....                   (no boots)
Stlth   +.........              (no amulet)
HPRegen 1.02/turn               r - +6 ring of intelligence
MPRegen 0.15/turn               b - ring of ice

@: short of breath, repel missiles, unable to read
A: breathe lightning, AC +7, unfitting armour, electricity resistance,
cold-blooded, see invisible, regeneration 1, inability to read after injury 1
a: Breathe Lightning, Renounce Religion, Upheaval, Elemental Force


You were on level 9 of the Dungeon.
You worshipped Qazlal.
Qazlal was greatly pleased with you.
You visited 2 branches of the dungeon, and saw 10 of its levels.
You also visited: Ossuary.

You collected 577 gold pieces.
You spent 277 gold pieces at shops.

Inventory:

Hand Weapons
 o - the +6 mace of Dividends (weapon) {freeze, Int+7 Dex-2}
   (You found it on level 3 of the Dungeon)

   It freezes those it strikes, dealing additional cold damage.
   It can also slow down cold-blooded creatures.
   Int:       It affects your intelligence (+7).
   Dex:       It affects your dexterity (-2).
Missiles
 a - 79 stones
 i - 10 boomerangs
 y - 15 poisoned darts
 H - a throwing net
Armour
 j - a +0 buckler of protection (worn)
 t - a +2 cloak (worn)
Jewellery
 b - a ring of ice (right hand)
 d - a ring of flight
 k - a ring of protection from cold
 r - a +6 ring of intelligence (left hand)
 B - a ring of fire
Wands
 v - a wand of mindburst (2)
 D - a wand of paralysis (6)
 E - a wand of flame (32)
Scrolls
 e - 3 scrolls of magic mapping
 f - 2 scrolls of enchant weapon
 g - 2 scrolls of noise
 h - 5 scrolls of poison
 m - 6 scrolls of teleportation
 n - a scroll of vulnerability
 q - 3 scrolls of fear {unknown}
 u - 2 scrolls of immolation {unknown}
 x - 3 scrolls of butterflies {unknown}
 G - a scroll of amnesia {unknown}
Potions
 c - 2 potions of cancellation {unknown}
 l - 3 potions of mutation
 p - 3 potions of brilliance
 s - 8 potions of curing
 w - 2 potions of haste
 z - 2 potions of attraction {unknown}
 A - 2 potions of lignification
 C - 3 potions of flight {unknown}
 F - 4 potions of heal wounds {unknown}
 I - 3 potions of invisibility {unknown}
 J - a potion of berserk rage {unknown}


   Skills:
 - Level 3.0 Fighting
 - Level 3.0 Dodging
 - Level 1.7 Stealth
 - Level 3.0 Shields
 - Level 5.0 Spellcasting
 + Level 7.5 Conjurations
 + Level 7.5 Ice Magic
 - Level 7.0 Invocations
 - Level 5.0 Evocations


You had 8 spell levels left.
You knew the following spells:

 Your Spells              Type           Power      Damage    Failure   Level
a - Freeze                Ice            100%       1d11      1%          1
b - Frozen Ramparts       Ice            100%       1d16      1%          3
c - Ozocubu's Armour      Ice            71%        N/A       1%          3
d - Hailstorm             Conj/Ice       71%        3d15      3%          4

Your spell library contained the following spells:

 Spells                   Type           Power      Damage    Failure   Level
 Stone Arrow              Conj/Erth      64%        3d11      4%          3
 Sandblast                Erth           16%        2d6       7%          1
 Passwall                 Tmut/Erth      6%         N/A       10%         2
 Fulminant Prism          Conj/Hex       16%        3d11      14%         4
 Iskenderun's Mystic Bla  Conj/Tloc      32%        2d8       14%         4
 Kindle Blastsparks       Fire/Tloc/Air  16%        2d11      21%         3
 Lee's Rapid Deconstruct  Erth           4%         3d6*      88%         5
 Malign Gateway           Summ/Tloc      4%         N/A       100%        7
 Lehudib's Crystal Spear  Conj/Erth      16%        10d5      100%        8
 Summon Horrible Things   Summ           4%         N/A       100%        8
 Animate Armour           Summ/Erth      Unusable   N/A       N/A         4

Dungeon Overview and Level Annotations

Branches:
Dungeon (9/15)             Temple (1/1) D:4            Lair (0/5) D:9
Ossuary (visited)
    Orc: D:9-12

Altars:
Ashenzari
Cheibriados
Dithmenos
Elyvilon
Fedhas
Gozag
Hepliaklqana
Kikubaaqudgha
Makhleb
Nemelex Xobeh
Okawaru
Qazlal
Ru
Sif Muna
Trog
Uskayaw
Vehumet
Wu Jian
Xom
Yredelemnul
Zin
The Shining One

Shops:
D:2 [   D:4 ?   D:9 :*

Annotations:
D:6 3 runed translucent doors, jlumianski's ghost, novice DsGl


Innate Abilities, Weirdness & Mutations

You can breathe wild blasts of lightning.
Your glossy black scales are hard. (AC +7)
You cannot fit into any form of body armour.
You are resistant to electric shocks. (rElec)
You are cold-blooded and may be slowed by cold attacks.
You have supernaturally acute eyesight. (SInv)
Your natural rate of healing is unusually fast.
You occasionally lose the ability to read scrolls when taking damage.


Message History

The plant begins to die.
The plant is lightly damaged.
The orb of electricity explodes!
You hear a shout!
You hear a howl!
You hear a shout! x2
The two-headed ogre hits you but does no damage.
You block the two-headed ogre's attack.
You hear a shout!
You hit the two-headed ogre. You freeze the two-headed ogre.
The two-headed ogre is lightly wounded.
You hear a howl!
You hear a shout!
You block the two-headed ogre's attack.
The two-headed ogre hits you with a +0 giant club!!
You barely miss the two-headed ogre. You tail-slap the two-headed ogre.
The two-headed ogre is lightly wounded.
You hear a howl!
The two-headed ogre barely misses you. You block the two-headed ogre's attack.
A gnoll comes into view. It is wielding a +0 flail.
You hit the two-headed ogre. You freeze the two-headed ogre.
The two-headed ogre is moderately wounded.
A komodo dragon comes into view.
The two-headed ogre closely misses you. The two-headed ogre barely misses you.
You hit the two-headed ogre but do no damage.
The two-headed ogre is moderately wounded.
You hear a howl!
The two-headed ogre hits you with a +0 giant club.
The two-headed ogre closely misses you.
You hear a shout!
You barely miss the two-headed ogre.
The two-headed ogre is moderately wounded.
The komodo dragon bites you.
The two-headed ogre hits you with a +0 giant club!
The two-headed ogre barely misses you. You block the komodo dragon's attack.
You thump the two-headed ogre! You freeze the two-headed ogre.
The two-headed ogre is heavily wounded.
You hear a shout!
The two-headed ogre hits you with a +0 giant club!
You feel threatened and lose the ability to read scrolls!
* * * LOW HITPOINT WARNING * * *
You block the two-headed ogre's attack. The komodo dragon bites you!!
You die...

##.## ##...##
##...PP## #....PPP#
##....PPP#
#......PP#
###.P...PPP#
##O§....P..P#
#@.°..P...PP#
#...l○☼....P.>.P#
#...g..§/.#......P#
#...#.....#.P.P.P.#
#.. #.....##PPPPP##
#. #.....# ###### .
#...... ..###...


You could see a two-headed ogre, a komodo dragon and a gnoll.

Vanquished Creatures
  Maggie (D:6)
  Eustachio (D:4)
  2 wraiths (Ossuary)
  2 wyverns (D:9)
  A steam dragon (D:5)
  An acid dragon (D:8)
  2 water moccasins
  2 sky beasts
  An ice beast (D:6)
  2 orc warriors
  2 black bears
  3 ogres (D:4)
  4 phantoms
  A centaur (D:9)
  A kobold brigand (D:6)
  4 bullfrogs
  A gnoll sergeant (D:7)
  3 scorpions
  5 wights
  A jelly (D:6)
  7 hounds
  Crazy Yiuf (D:3)
  2 orc priests
  4 iguanas
  6 orc wizards
  Robin (D:2)
  8 gnolls
  4 adders
  A shadow imp (D:5)
  2 white imps
  2 ufetubi (D:5)
  A worm (D:3)
  3 dart slugs
  27 orcs
  3 bats
  5 endoplasms
  A giant cockroach (D:3)
  14 goblins
  10 hobgoblins
  4 jackals (D:1)
  2 quokkas
  5 ball pythons
  3 ball python skeletons (Ossuary)
  4 frilled lizards
  A hobgoblin skeleton (Ossuary)
  4 hobgoblin zombies (Ossuary)
  10 kobolds
  An orc skeleton (Ossuary)
  An orc zombie (Ossuary)
  9 rats
186 creatures vanquished.

Vanquished Creatures (others)
  23 plants
23 creatures vanquished.

Grand Total: 209 creatures vanquished

Notes
Turn   | Place    | Note
-------+----------+-------------------------------------------
     0 | D:1      | NinjaNoafa the Draconian Ice Elementalist began the quest
                  | for the Orb.
     0 | D:1      | Reached XP level 1. HP: 14/14 MP: 3/3
   404 | D:1      | Reached XP level 2. HP: 20/20 MP: 1/5
   556 | D:1      | Found a faded altar of an unknown god.
   565 | D:1      | Prayed at the altar of an unknown god.
   565 | D:1      | Became a worshipper of Qazlal Stormbringer
   565 | D:1      | Reached * piety under Qazlal
   867 | D:1      | Reached XP level 3. HP: 13/26 MP: 0/7
  1593 | D:2      | Found Rufy's Antique Armour Boutique.
  1738 | D:2      | Reached ** piety under Qazlal
  2016 | D:2      | Noticed Robin
  2046 | D:2      | Killed Robin
  2047 | D:2      | Reached skill level 5 in Ice Magic
  2049 | D:2      | Reached XP level 4. HP: 33/33 MP: 0/8
  2809 | D:3      | Found a runed translucent door.
  2810 | D:3      | Noticed Crazy Yiuf
  3048 | D:3      | Identified the +6 mace of Dividends {freeze, Int+7 Dex-2}
  3721 | D:3      | Killed Crazy Yiuf
  3766 | D:4      | Reached XP level 5. HP: 33/38 MP: 6/9
  3811 | D:4      | Found a staircase to the Ecumenical Temple.
  3830 | Temple   | Entered the Ecumenical Temple
  4021 | D:4      | Noticed an ogre
  4030 | D:4      | Killed an ogre
  4083 | D:4      | Found a white marble altar of Elyvilon.
  4130 | D:4      | Noticed an ogre
  4138 | D:4      | Killed an ogre
  4139 | D:4      | Reached skill level 1 in Invocations
  4139 | D:4      | Reached XP level 6. HP: 45/45 MP: 4/10
  4237 | D:4      | You fall into a shaft and drop 1 floor!
  4237 | D:5      | Entered Level 5 of the Dungeon
  4264 | D:5      | Learned a level 3 spell: Frozen Ramparts
  4268 | D:5      | Learned a level 3 spell: Ozocubu's Armour
  4378 | D:5      | Noticed a steam dragon
  4386 | D:5      | Killed a steam dragon
  4387 | D:5      | Your scales start taking on a glossy black colour.
  4387 | D:5      | Reached XP level 7. HP: 34/50 MP: 4/11
  4387 | D:5      | Gained mutation: You are resistant to electric shocks.
                  | (rElec) [Black Draconian growth]
  4709 | D:4      | Found Qexiom's Magic Scroll Shop.
  4721 | D:4      | Bought a scroll of identify for 24 gold pieces
  4721 | D:4      | Bought a scroll of teleportation for 36 gold pieces
  4778 | D:4      | Noticed Eustachio
  4791 | D:4      | Reached skill level 5 in Invocations
  4791 | D:4      | Reached skill level 1 in Conjurations
  4801 | D:4      | Gained mutation: Your natural rate of healing is unusually
                  | fast. [potion of mutation]
  4801 | D:4      | Gained mutation: You occasionally lose the ability to read
                  | scrolls when taking damage. [potion of mutation]
  4801 | D:4      | Gained mutation: You have supernaturally acute eyesight.
                  | (SInv) [potion of mutation]
  4821 | D:4      | Killed Eustachio
  4857 | D:4      | Found a blossoming altar of Fedhas.
  4962 | D:2      | Bought a runed buckler for 217 gold pieces
  5335 | D:4      | Found a bloodstained altar of Trog.
  5346 | D:4      | Found a hazy altar of Hepliaklqana.
  5351 | D:4      | Found an opulent altar of Gozag.
  5362 | D:4      | Found a sparkling altar of Nemelex Xobeh.
  5369 | D:4      | Found an ancient bone altar of Kikubaaqudgha.
  5375 | D:4      | Found a snail-covered altar of Cheibriados.
  5382 | D:4      | Found a shimmering altar of Xom.
  5457 | D:5      | Reached *** piety under Qazlal
  5463 | D:5      | Reached XP level 8. HP: 57/57 MP: 4/12
  5655 | D:5      | Reached skill level 5 in Conjurations
  6087 | D:5      | Reached skill level 1 in Fighting
  6319 | D:6      | Reached skill level 1 in Shields
  6503 | D:6      | Found a sand-covered staircase.
  6508 | Ossuary  | Entered an ossuary
  6577 | Ossuary  | Reached **** piety under Qazlal
  6606 | Ossuary  | Noticed a flying skull
  6628 | Ossuary  | Noticed a flying skull
  6643 | Ossuary  | Noticed a flying skull
  6680 | Ossuary  | Noticed a flying skull
  6751 | Ossuary  | Reached XP level 9. HP: 69/69 MP: 13/13
  6852 | D:6      | Noticed jlumianski's ghost (novice DsGl)
  6881 | D:6      | Noticed Maggie
  6891 | D:6      | Killed Maggie
  6989 | D:6      | Found a runed translucent gate.
  6989 | D:6      | Found a runed translucent gate.
  7006 | D:6      | Found a runed translucent gate.
  7061 | D:6      | Found a hide-covered altar of Uskayaw.
  7690 | D:7      | Learned a level 4 spell: Hailstorm
  8592 | D:8      | Reached skill level 5 in Spellcasting
  8612 | D:8      | Reached skill level 5 in Evocations
  8826 | D:8      | Noticed a manticore
  8826 | D:8      | Noticed a yaktaur
  8826 | D:8      | Noticed a centaur warrior
  8830 | D:8      | Noticed a yaktaur
  8834 | D:8      | Noticed a centaur warrior
  8944 | D:8      | Noticed a moth of wrath
  8945 | D:8      | Noticed a meliai
  9327 | D:9      | Found a burning altar of Makhleb.
  9344 | D:9      | Reached XP level 10. HP: 77/77 MP: 17/17
  9388 | D:9      | Found Cenuunaoge's Book Shop.
  9498 | D:9      | Found Ozentimy's Assorted Antiques.
  9546 | D:9      | Found a staircase to the Lair.
  9550 | D:9      | Noticed a two-headed ogre
  9561 | D:9      | Mangled by a komodo dragon

Illustrated notes

Levels and vault maps discovered:
D:1:      matt_arrival_grand_opening, layout_basic,
          dreamdust_ecumenical_altar_hidden_monk_grotto
D:2:      layout_basic, serial_shops, nicolae_lakefront_shop, uniq_robin
D:3:      layout_loops_corners, uniq_crazy_yiuf_cottage
D:4:      layout_rooms, fedhas_ov_isle_minmay, mainiacjoe_overflow_boulevard,
          grunt_temple_overflow_octagram, minmay_temple_entry_mini_moons,
          serial_shops, nicolae_square_shop, uniq_eustachio
D:5:      layout_basic
D:6:      layout_basic, nicolae_uskayaw_dance_studio,
          nicolae_ossuary_entry_false_entrances, gammafunk_ghost_split,
          uniq_maggie
D:7:      layout_basic
D:8:      layout_basic, serial_aquarium, aquarium_bridge_square
          [aquarium_subvault_bridge, aquarium_subvault_bridge,
          aquarium_subvault_window, aquarium_subvault_bridge],
          aquarium_window_fake, aquarium_window_1, aquarium_window_corner,
          aquarium_window_1, aquarium_view_2d, onia_ninara_dug_in_and_dangerous
D:9:      layout_cave_pods, makhleb_altar_promises_db, david_lair_shrubbed,
          serial_shops, shop, nicolae_shop_temple_entry_statues_fountains,
          nicolae_shop_advertising_works [nicolae_subvault_shop_adworks],
          shop_statue
Temple:   bh_familiar_temple

Skill      XL: |  1  2  3  4  5  6  7  8  9 |
---------------+----------------------------+-----
Spellcasting   | 3 5 |  5.0
Ice Magic      | 5 7 |  7.5
Invocations    | 1 4 5 7 |  7.0
Conjurations   | 4 6 7 |  7.5
Evocations     | 3 5 |  5.0
Dodging        | 3 |  3.0
Fighting       | 3 |  3.0
Shields        | 3 |  3.0
Stealth        | |  1.7

Action                   |  1- 3 |  4- 6 |  7- 9 | 10-12 || total
-------------------------+-------+-------+-------+-------++-------
Melee: Unarmed           |     3 |       |       |       ||     3
       Short sword       |    38 |    17 |       |       ||    55
       Tailslap          |     4 |     1 |    44 |     1 ||    50
       Punch             |     2 |       |       |       ||     2
       Mace              |       |     5 |   269 |    25 ||   299
 Cast: Freeze            |    53 |    44 |    14 |       ||   111
       Frozen Ramparts   |       |     2 |    12 |       ||    14
       Ozocubu's Armour  |       |     1 |     3 |       ||     4
       Hailstorm         |       |       |     1 |       ||     1
 Abil: Breathe Lightning |       |       |     3 |     3 ||     6
  Use: Potion            |     3 |       |     3 |       ||     6
       Scroll            |       |       |    11 |       ||    11
Armor: Skin              |    54 |    20 |   104 |    18 ||   196
Dodge: Dodged            |    58 |    27 |   140 |    27 ||   252
       Repelled          |       |       |       |     2 ||     2
Block: Other             |     5 |     7 |     4 |       ||    16
       Buckler           |       |       |   128 |    18 ||   146
